[ AOE2 MATCH · #460849287 ]
UnrankedEthiopians vs Chinese
[ REPLAY ANALYSIS · EXTRACTED FROM THE RECORDED GAME ]
Feudal
1:21
Castle
4:32
Imperial
6:38
| APM avg | 59.5 |
| APM peak | 437 |
| eAPM avg | 51.2 |
| Villagers / military | 22 / 448 |
Focus
⚔️ 12.9% · 🌾 87.1%
Shotel Warrior ×267 · Bombard Cannon ×179 · Mangonel ×2
Feudal
—
Castle
—
Imperial
—
| APM avg | 43.1 |
| APM peak | 404 |
| eAPM avg | 41.0 |
| Villagers / military | 38 / 9 |
Focus
⚔️ 4.2% · 🌾 95.8%
Genoese Crossbowman ×6 · Mangonel ×3
Feudal
8:37
Castle
11:53
Imperial
16:08
| APM avg | 10.0 |
| APM peak | 45 |
| eAPM avg | 9.6 |
| Villagers / military | 70 / 76 |
Focus
⚔️ 37.1% · 🌾 62.9%
Chu Ko Nu ×57 · Iron Pagoda ×19
Feudal
8:07
Castle
9:51
Imperial
11:40
| APM avg | 13.7 |
| APM peak | 108 |
| eAPM avg | 13.6 |
| Villagers / military | 0 / 10 |
Focus
⚔️ 3.1% · 🌾 96.9%
Iron Pagoda ×10
Feudal
1:43
Castle
4:03
Imperial
7:15
| APM avg | 48.0 |
| APM peak | 341 |
| eAPM avg | 33.8 |
| Villagers / military | 174 / 455 |
Focus
⚔️ 24.0% · 🌾 76.0%
Archer ×395 · Berserk ×56 · Mangonel ×4
Feudal
3:00
Castle
4:56
Imperial
6:50
| APM avg | 28.6 |
| APM peak | 159 |
| eAPM avg | 25.9 |
| Villagers / military | 74 / 122 |
Focus
⚔️ 13.1% · 🌾 86.9%
Hand Cannoneer ×71 · Archer ×47 · Trade Cart ×11 · Mangonel ×2 · Ghulam ×1 · Trebuchet (Packed) ×1
Feudal
8:12
Castle
10:06
Imperial
12:06
| APM avg | 128.2 |
| APM peak | 623 |
| eAPM avg | 127.5 |
| Villagers / military | 85 / 593 |
Focus
⚔️ 5.7% · 🌾 94.3%
Battle Elephant ×532 · Arambai ×58 · Mangonel ×3
Feudal
9:27
Castle
11:10
Imperial
13:58
| APM avg | 22.7 |
| APM peak | 137 |
| eAPM avg | 18.4 |
| Villagers / military | 27 / 14 |
Focus
⚔️ 16.6% · 🌾 83.4%
Mangonel ×13 · Scorpion ×1
Match map
Initial resources + every placement click. Lines = walls · curves = elevation contours. ◆ gold · ⬟ stone · ● berries · ✦ relic · ◌ wall gap
Your base· ✓ Map-separated
bijiyumo's base· ✓ Map-separated
XsupercopX's base· ✓ Map-separated
kekekeya's base· ✓ Map-separated
dRea's base· ✓ Map-separated
Pogonophobia69's base· ✓ Map-separated
Lowen's base· ✓ Map-separated
TR.elephantman's base· ✓ Map-separated
Smoothed initial terrain · ◌ = detected wall gap · hover for details
Inputs per minute
— Fajny Człowiek - - bijiyumo
Build order — Fajny Człowiek
First 150 of 235 actions detected
| 0:07 | Build | Mill |
| 0:11 | Build | Lumber Camp |
| 0:29 | Research | Feudal Age |
| 1:21 | Age | Feudal Age |
| 1:25 | Create | Villager (Male) |
| 1:25 | Create | Villager (Male) |
| 2:13 | Create | Villager (Male) |
| 2:18 | Build | House |
| 2:22 | Build | Market |
| 3:10 | Build | Blacksmith |
| 3:28 | Research | Castle Age |
| 4:06 | Create | Villager (Male) |
| 4:06 | Create | Villager (Male) |
| 4:13 | Research | Double-Bit Axe |
| 4:13 | Research | Tech 1687 |
| 4:14 | Research | Tech 1688 |
| 4:32 | Age | Castle Age |
| 4:37 | Build | Monastery |
| 5:10 | Build | Siege Workshop |
| 5:22 | Research | Imperial Age |
| 5:28 | Create | Mangonel |
| 5:47 | Create | Mangonel |
| 6:11 | Build | Lumber Camp |
| 6:24 | Build | Castle |
| 6:37 | Create | Villager (Male) |
| 6:37 | Create | Villager (Male) |
| 6:38 | Age | Imperial Age |
| 6:39 | Research | Onager (upgrade) |
| 6:58 | Research | Guilds |
| 7:34 | Research | Torsion Engines |
| 8:18 | Create | Villager (Male) |
| 8:18 | Create | Villager (Male) |
| 8:18 | Create | Villager (Male) |
| 8:18 | Create | Villager (Male) |
| 8:18 | Create | Villager (Male) |
| 8:29 | Build | Barracks |
| 8:32 | Build | University |
| 9:06 | Research | Spies/Treason |
| 9:06 | Research | Conscription |
| 9:06 | Research | Conscription |
| 9:07 | Research | Tech 1733 |
| 9:07 | Research | Tech 1733 |
| 9:07 | Research | Tech 1734 |
| 9:12 | Build | Siege Workshop |
| 9:13 | Build | Siege Workshop |
| 9:13 | Build | Siege Workshop |
| 9:16 | Research | Chemistry |
| 9:18 | Research | Siege Engineers |
| 9:18 | Research | Tech 1743 |
| 9:18 | Research | Tech 1744 |
| 9:36 | Build | Archery Range |
| 9:42 | Build | Archery Range |
| 9:43 | Build | Archery Range |
| 9:44 | Build | Archery Range |
| 9:46 | Build | Archery Range |
| 9:47 | Build | Archery Range |
| 9:48 | Build | Archery Range |
| 9:58 | Create | Bombard Cannon ×5 |
| 9:58 | Create | Bombard Cannon ×5 |
| 9:59 | Create | Bombard Cannon ×5 |
| 9:59 | Create | Bombard Cannon ×5 |
| 9:59 | Create | Bombard Cannon ×5 |
| 10:00 | Create | Bombard Cannon ×5 |
| 10:00 | Create | Bombard Cannon ×5 |
| 10:00 | Create | Bombard Cannon ×5 |
| 10:00 | Create | Bombard Cannon ×5 |
| 10:01 | Create | Bombard Cannon ×5 |
| 10:01 | Create | Bombard Cannon ×5 |
| 10:01 | Create | Bombard Cannon ×5 |
| 10:04 | Build | House |
| 10:05 | Build | House |
| 10:31 | Create | Bombard Cannon ×4 |
| 10:57 | Build | Siege Workshop |
| 10:57 | Build | Siege Workshop |
| 10:58 | Build | Siege Workshop |
| 11:35 | Create | Bombard Cannon ×5 |
| 11:35 | Create | Bombard Cannon ×5 |
| 11:35 | Create | Bombard Cannon ×5 |
| 11:36 | Create | Bombard Cannon ×5 |
| 11:36 | Create | Bombard Cannon ×5 |
| 11:36 | Create | Bombard Cannon ×5 |
| 11:37 | Create | Bombard Cannon ×5 |
| 12:53 | Build | Siege Workshop |
| 12:54 | Build | Siege Workshop |
| 12:54 | Build | Siege Workshop |
| 12:55 | Build | Siege Workshop |
| 12:55 | Build | Siege Workshop |
| 13:02 | Research | Tech 1804 |
| 19:49 | Research | Elite Shotel Warrior (upgrade) |
| 19:50 | Research | Royal Heirs |
| 19:50 | Research | Royal Heirs |
| 19:51 | Research | Tech 1802 |
| 19:51 | Research | Tech 1802 |
| 19:51 | Research | Tech 1803 |
| 19:57 | Build | Castle |
| 19:58 | Build | Castle |
| 19:58 | Build | Castle |
| 20:12 | Create | Bombard Cannon ×5 |
| 20:12 | Create | Bombard Cannon ×5 |
| 20:13 | Create | Bombard Cannon ×5 |
| 20:13 | Create | Bombard Cannon ×5 |
| 20:13 | Create | Bombard Cannon ×5 |
| 20:13 | Create | Bombard Cannon ×5 |
| 20:19 | Create | Bombard Cannon ×5 |
| 20:20 | Create | Bombard Cannon ×5 |
| 20:20 | Create | Bombard Cannon ×5 |
| 20:20 | Create | Bombard Cannon ×5 |
| 20:20 | Create | Bombard Cannon ×5 |
| 20:21 | Create | Bombard Cannon ×5 |
| 20:21 | Create | Bombard Cannon ×5 |
| 20:21 | Create | Bombard Cannon ×5 |
| 20:21 | Create | Bombard Cannon ×5 |
| 20:22 | Create | Bombard Cannon ×5 |
| 21:17 | Research | Squires |
| 21:17 | Research | Tech 1701 |
| 21:17 | Research | Tech 1702 |
| 21:19 | Research | Arson |
| 21:20 | Research | Tech 1721 |
| 21:20 | Research | Tech 1722 |
| 21:24 | Build | Blacksmith |
| 21:25 | Build | Blacksmith |
| 21:25 | Build | Blacksmith |
| 21:39 | Create | Villager (Male) |
| 21:39 | Create | Villager (Male) |
| 21:39 | Create | Villager (Male) |
| 21:39 | Create | Villager (Male) |
| 21:39 | Create | Villager (Male) |
| 21:39 | Create | Villager (Male) |
| 21:39 | Create | Villager (Male) |
| 21:39 | Create | Villager (Male) |
| 21:39 | Create | Villager (Male) |
| 21:39 | Create | Villager (Male) |
| 21:47 | Build | Castle |
| 21:48 | Build | Castle |
| 21:50 | Create | Shotel Warrior ×5 |
| 21:50 | Create | Shotel Warrior ×5 |
| 21:50 | Create | Shotel Warrior ×5 |
| 21:50 | Create | Shotel Warrior ×5 |
| 21:50 | Create | Shotel Warrior ×5 |
| 21:50 | Create | Shotel Warrior ×5 |
| 21:50 | Create | Shotel Warrior ×5 |
| 22:28 | Create | Shotel Warrior ×5 |
| 22:28 | Create | Shotel Warrior ×5 |
| 22:28 | Create | Shotel Warrior ×5 |
| 22:28 | Create | Shotel Warrior ×5 |
| 22:29 | Create | Shotel Warrior ×5 |
| 22:29 | Create | Shotel Warrior ×5 |
| 22:29 | Create | Shotel Warrior ×5 |
| 22:41 | Build | House |
| 22:41 | Build | House |
Build order — bijiyumo
First 150 of 157 actions detected
| 0:03 | Create | Villager (Male) |
| 0:05 | Build | Mill |
| 0:08 | Build | Lumber Camp |
| 0:11 | Create | Villager (Male) |
| 0:30 | Research | Feudal Age |
| 0:42 | Create | Villager (Male) |
| 1:09 | Build | House |
| 1:25 | Create | Villager (Male) |
| 1:26 | Create | Villager (Male) |
| 1:26 | Create | Villager (Male) |
| 1:26 | Create | Villager (Male) |
| 1:33 | Research | Double-Bit Axe |
| 1:33 | Research | Double-Bit Axe |
| 1:34 | Research | Tech 1687 |
| 1:36 | Create | Villager (Male) |
| 1:51 | Create | Villager (Male) |
| 1:58 | Research | Tech 1688 |
| 2:34 | Build | Market |
| 2:43 | Create | Villager (Male) |
| 2:43 | Research | Wheelbarrow |
| 2:44 | Create | Villager (Male) |
| 2:44 | Research | Tech 1699 |
| 2:55 | Build | Blacksmith |
| 3:08 | Research | Castle Age |
| 3:13 | Create | Villager (Male) |
| 3:40 | Build | House |
| 4:22 | Create | Villager (Male) |
| 4:25 | Build | Siege Workshop |
| 4:33 | Build | Lumber Camp |
| 4:37 | Build | Monastery |
| 4:41 | Create | Villager (Male) |
| 4:51 | Research | Imperial Age |
| 5:07 | Build | Town Center |
| 5:10 | Build | Town Center |
| 5:23 | Create | Villager (Male) |
| 5:56 | Create | Villager (Male) |
| 5:57 | Create | Villager (Male) |
| 5:57 | Create | Villager (Male) |
| 6:29 | Create | Villager (Male) |
| 6:29 | Create | Villager (Male) |
| 6:30 | Create | Villager (Male) |
| 6:32 | Research | Town Watch |
| 6:33 | Research | Tech 1612 |
| 6:33 | Research | Tech 1612 |
| 6:33 | Research | Tech 1613 |
| 6:33 | Research | Tech 1613 |
| 6:39 | Research | Bow Saw |
| 6:39 | Research | Tech 1691 |
| 6:40 | Research | Tech 1692 |
| 6:40 | Research | Tech 1692 |
| 6:40 | Research | Tech 1692 |
| 6:48 | Build | Siege Workshop |
| 7:05 | Build | Farm |
| 7:06 | Build | Farm |
| 7:10 | Build | Farm |
| 7:13 | Create | Villager (Male) |
| 7:13 | Create | Villager (Male) |
| 7:13 | Create | Villager (Male) |
| 7:14 | Create | Villager (Male) |
| 7:18 | Research | Onager (upgrade) |
| 7:19 | Create | Mangonel |
| 7:19 | Create | Mangonel |
| 7:19 | Create | Mangonel |
| 7:28 | Research | Guilds |
| 7:39 | Research | Loom |
| 7:39 | Research | Tech 1628 |
| 7:39 | Research | Tech 1628 |
| 7:40 | Research | Tech 1629 |
| 7:42 | Research | Wheelbarrow |
| 7:42 | Research | Wheelbarrow |
| 7:42 | Research | Tech 1699 |
| 7:42 | Research | Tech 1699 |
| 7:43 | Research | Town Patrol |
| 7:43 | Research | Town Patrol |
| 7:44 | Research | Tech 1700 |
| 7:44 | Research | Tech 1700 |
| 7:47 | Create | Villager (Male) |
| 7:47 | Create | Villager (Male) |
| 7:48 | Create | Villager (Male) |
| 8:10 | Research | Hand Cart |
| 8:10 | Research | Hand Cart |
| 8:10 | Research | Tech 1715 |
| 8:11 | Research | Tech 1716 |
| 8:11 | Research | Tech 1716 |
| 8:15 | Research | Two-Man Saw |
| 8:16 | Research | Two-Man Saw |
| 8:16 | Research | Tech 1705 |
| 9:54 | Build | Castle |
| 9:57 | Build | Castle |
| 9:59 | Build | Barracks |
| 10:00 | Build | Blacksmith |
| 10:04 | Build | University |
| 10:06 | Create | Villager (Male) ×5 |
| 10:06 | Create | Villager (Male) ×5 |
| 10:10 | Build | Lumber Camp |
| 10:57 | Research | Silk Road |
| 10:57 | Research | Tech 902 |
| 10:57 | Research | Elite Genoese Crossbowman (upgrade) |
| 10:57 | Research | Tech 1788 |
| 10:58 | Research | Tech 1789 |
| 10:58 | Research | Hoardings |
| 10:58 | Research | Conscription |
| 10:59 | Research | Hoardings |
| 10:59 | Research | Tech 1733 |
| 10:59 | Research | Tech 1745 |
| 10:59 | Research | Tech 1733 |
| 10:59 | Research | Tech 1745 |
| 11:00 | Research | Tech 1734 |
| 11:00 | Research | Tech 1746 |
| 11:00 | Research | Tech 1734 |
| 11:00 | Research | Tech 1746 |
| 11:11 | Build | Blacksmith |
| 11:13 | Build | Blacksmith |
| 11:14 | Build | House |
| 11:15 | Build | House |
| 11:29 | Research | Tech 1735 |
| 11:30 | Research | Tech 1736 |
| 11:37 | Create | Genoese Crossbowman ×3 |
| 11:38 | Create | Genoese Crossbowman ×3 |
| 11:48 | Research | Tech 1743 |
| 11:48 | Research | Ballistics |
| 11:48 | Research | Tech 1743 |
| 11:48 | Research | Ballistics |
| 11:49 | Research | Tech 1744 |
| 11:49 | Research | Tech 1744 |
| 11:50 | Research | Chemistry |
| 11:50 | Research | Chemistry |
| 11:50 | Research | Treadmill Crane |
| 11:51 | Research | Tech 1651 |
| 11:51 | Research | Tech 1640 |
| 11:51 | Research | Tech 1640 |
| 11:51 | Research | Tech 1651 |
| 11:51 | Research | Tech 1652 |
| 11:51 | Research | Tech 1641 |
| 11:51 | Research | Tech 1652 |
| 12:09 | Research | Fletching |
| 12:10 | Research | Padded Archer Armor |
| 12:10 | Research | Tech 1681 |
| 12:10 | Research | Padded Archer Armor |
| 12:10 | Research | Tech 1681 |
| 12:10 | Research | Tech 1695 |
| 12:10 | Research | Tech 1682 |
| 12:11 | Research | Tech 1695 |
| 12:11 | Research | Tech 1696 |
| 12:16 | Build | Archery Range |
| 12:19 | Build | Castle |
| 12:21 | Build | Castle |
| 13:08 | Research | Bodkin Arrow |
| 13:08 | Research | Leather Archer Armor |
| 13:08 | Research | Bodkin Arrow |
Build order — XsupercopX
First 150 of 184 actions detected
| 1:06 | Build | Mill |
| 1:32 | Build | Farm |
| 1:38 | Build | Farm |
| 1:45 | Build | Farm |
| 1:53 | Build | Farm |
| 1:59 | Build | Farm |
| 2:07 | Build | Farm |
| 2:36 | Build | Farm |
| 2:45 | Build | Farm |
| 4:31 | Build | Mill |
| 4:43 | Build | Farm |
| 5:16 | Build | Farm |
| 6:38 | Build | Lumber Camp |
| 6:52 | Build | Farm |
| 7:45 | Research | Feudal Age |
| 8:37 | Age | Feudal Age |
| 8:39 | Research | Wheelbarrow |
| 8:40 | Research | Town Watch |
| 8:42 | Research | Tech 1699 |
| 8:42 | Research | Tech 1699 |
| 8:43 | Research | Tech 1700 |
| 8:43 | Research | Tech 1612 |
| 8:44 | Research | Tech 1612 |
| 8:44 | Research | Tech 1612 |
| 8:45 | Research | Tech 1613 |
| 8:50 | Research | Double-Bit Axe |
| 8:50 | Research | Double-Bit Axe |
| 8:51 | Research | Tech 1687 |
| 8:51 | Research | Tech 1687 |
| 8:53 | Research | Tech 1688 |
| 8:53 | Research | Tech 1688 |
| 8:58 | Research | Tech 1625 |
| 9:00 | Research | Tech 1624 |
| 9:00 | Research | Tech 1624 |
| 9:00 | Research | Tech 1624 |
| 9:01 | Research | Horse Collar |
| 9:01 | Research | Horse Collar |
| 9:20 | Build | Market |
| 10:29 | Build | Blacksmith |
| 10:49 | Research | Castle Age |
| 11:17 | Build | Lumber Camp |
| 11:27 | Build | Lumber Camp |
| 11:53 | Age | Castle Age |
| 11:57 | Research | Caravan |
| 11:57 | Research | Coinage |
| 11:58 | Research | Tech 1642 |
| 12:00 | Research | Tech 1643 |
| 12:01 | Research | Tech 1643 |
| 12:04 | Research | Bow Saw |
| 12:05 | Research | Bow Saw |
| 12:05 | Research | Tech 1691 |
| 12:05 | Research | Tech 1691 |
| 12:06 | Research | Tech 1692 |
| 12:07 | Research | Tech 1692 |
| 12:11 | Research | Tech 1623 |
| 12:11 | Research | Tech 1623 |
| 12:12 | Research | Tech 1622 |
| 12:12 | Research | Tech 1622 |
| 12:12 | Research | Tech 1622 |
| 12:13 | Research | Heavy Plow |
| 12:13 | Research | Heavy Plow |
| 12:26 | Build | Town Center |
| 12:31 | Research | Hand Cart |
| 12:31 | Research | Hand Cart |
| 12:31 | Research | Hand Cart |
| 12:32 | Research | Tech 1715 |
| 12:32 | Research | Tech 1715 |
| 12:32 | Research | Tech 1715 |
| 12:33 | Research | Tech 1716 |
| 12:33 | Research | Tech 1716 |
| 12:33 | Research | Tech 1716 |
| 12:35 | Research | Town Patrol |
| 12:35 | Research | Town Patrol |
| 12:43 | Create | Villager (Male) ×5 |
| 12:44 | Create | Villager (Male) ×5 |
| 12:44 | Create | Villager (Male) ×5 |
| 12:44 | Create | Villager (Male) ×5 |
| 12:58 | Create | Villager (Male) ×5 |
| 12:58 | Create | Villager (Male) ×5 |
| 12:58 | Create | Villager (Male) ×5 |
| 12:58 | Create | Villager (Male) ×5 |
| 13:28 | Build | Castle |
| 14:52 | Research | Imperial Age |
| 15:19 | Create | Villager (Male) ×5 |
| 15:19 | Create | Villager (Male) ×5 |
| 15:20 | Research | Great Wall |
| 15:20 | Research | Great Wall |
| 15:20 | Research | Great Wall |
| 15:20 | Research | Great Wall |
| 15:20 | Research | Great Wall |
| 15:20 | Research | Great Wall |
| 15:34 | Create | Chu Ko Nu ×5 |
| 15:34 | Create | Chu Ko Nu ×5 |
| 15:34 | Create | Chu Ko Nu ×5 |
| 15:34 | Create | Chu Ko Nu ×5 |
| 15:34 | Create | Chu Ko Nu ×5 |
| 15:36 | Create | Chu Ko Nu ×5 |
| 15:36 | Create | Chu Ko Nu ×5 |
| 15:36 | Research | Padded Archer Armor |
| 15:36 | Research | Fletching |
| 15:36 | Research | Fletching |
| 15:36 | Research | Padded Archer Armor |
| 15:36 | Research | Padded Archer Armor |
| 15:39 | Research | Tech 1681 |
| 15:40 | Research | Tech 1681 |
| 15:40 | Research | Leather Archer Armor |
| 15:41 | Research | Leather Archer Armor |
| 15:41 | Research | Tech 1682 |
| 15:42 | Research | Tech 1682 |
| 15:42 | Research | Tech 1695 |
| 15:42 | Research | Tech 1695 |
| 15:43 | Research | Tech 1696 |
| 15:44 | Research | Tech 1696 |
| 15:44 | Research | Tech 1697 |
| 15:45 | Research | Tech 1697 |
| 15:48 | Create | Chu Ko Nu ×2 |
| 15:48 | Create | Chu Ko Nu ×2 |
| 15:53 | Research | Tech 1698 |
| 15:53 | Research | Tech 1698 |
| 15:55 | Research | Bodkin Arrow |
| 15:55 | Research | Bodkin Arrow |
| 15:56 | Research | Bodkin Arrow |
| 15:56 | Research | Tech 1683 |
| 15:56 | Research | Tech 1683 |
| 15:57 | Research | Tech 1684 |
| 16:08 | Age | Imperial Age |
| 16:12 | Create | Villager (Male) ×5 |
| 16:12 | Create | Villager (Male) ×5 |
| 16:12 | Create | Villager (Male) ×5 |
| 16:13 | Create | Villager (Male) ×5 |
| 16:27 | Research | Ring Archer Armor |
| 16:27 | Research | Ring Archer Armor |
| 16:28 | Research | Tech 1703 |
| 16:28 | Research | Tech 1703 |
| 16:29 | Research | Tech 1703 |
| 16:29 | Research | Tech 1704 |
| 16:29 | Research | Tech 1704 |
| 16:32 | Research | Bracer |
| 16:32 | Research | Bracer |
| 16:33 | Research | Tech 1685 |
| 16:33 | Research | Tech 1685 |
| 16:34 | Research | Tech 1686 |
| 16:34 | Research | Tech 1686 |
| 16:39 | Research | Elite Chu Ko Nu (upgrade) |
| 16:39 | Research | Tech 1745 |
| 16:40 | Research | Tech 1745 |
| 16:40 | Research | Tech 1746 |
| 16:40 | Research | Tech 1746 |
| 16:42 | Research | Sappers |
| 16:42 | Research | Sappers |
Build order — kekekeya
64 actions detected in the replay
| 1:08 | Build | Mill |
| 1:19 | Build | Lumber Camp |
| 1:30 | Build | Farm |
| 1:32 | Build | Farm |
| 1:35 | Build | Farm |
| 1:37 | Build | Farm |
| 1:40 | Build | Farm |
| 1:57 | Build | Lumber Camp |
| 2:03 | Build | Farm |
| 2:05 | Build | Farm |
| 2:18 | Build | Farm |
| 2:22 | Build | Lumber Camp |
| 2:26 | Build | Farm |
| 2:32 | Build | Farm |
| 2:38 | Build | Farm |
| 2:42 | Build | Farm |
| 3:27 | Build | Farm |
| 3:58 | Build | Farm |
| 4:59 | Build | Lumber Camp |
| 5:24 | Build | Farm |
| 5:31 | Build | Lumber Camp |
| 5:36 | Build | Farm |
| 6:21 | Build | Farm |
| 7:02 | Build | Mill |
| 7:15 | Research | Feudal Age |
| 7:23 | Build | Farm |
| 8:07 | Age | Feudal Age |
| 8:10 | Build | Market |
| 8:16 | Build | Blacksmith |
| 8:23 | Research | Double-Bit Axe |
| 8:24 | Research | Double-Bit Axe |
| 8:24 | Research | Double-Bit Axe |
| 8:25 | Research | Tech 1687 |
| 8:25 | Research | Tech 1687 |
| 8:26 | Research | Tech 1688 |
| 8:26 | Research | Tech 1688 |
| 8:47 | Research | Castle Age |
| 8:53 | Build | Farm |
| 9:51 | Age | Castle Age |
| 9:51 | Build | Lumber Camp |
| 10:00 | Build | Siege Workshop |
| 10:06 | Build | Monastery |
| 10:13 | Research | Bow Saw |
| 10:13 | Research | Bow Saw |
| 10:14 | Research | Bow Saw |
| 10:14 | Research | Bow Saw |
| 10:14 | Research | Bow Saw |
| 10:15 | Research | Tech 1691 |
| 10:15 | Research | Tech 1691 |
| 10:16 | Research | Tech 1691 |
| 10:16 | Research | Tech 1691 |
| 10:16 | Research | Tech 1691 |
| 10:17 | Research | Tech 1691 |
| 10:17 | Research | Tech 1692 |
| 10:17 | Research | Tech 1692 |
| 10:18 | Research | Tech 1692 |
| 10:24 | Research | Imperial Age |
| 10:45 | Build | Farm |
| 11:17 | Build | Barracks |
| 11:20 | Create | Iron Pagoda ×5 |
| 11:20 | Create | Iron Pagoda ×5 |
| 11:40 | Age | Imperial Age |
| 11:54 | Research | Guilds |
| 12:06 | Build | Lumber Camp |
Build order — dRea
First 150 of 384 actions detected
| 0:02 | Create | Villager (Male) |
| 0:02 | Create | Villager (Male) |
| 0:02 | Create | Villager (Male) |
| 0:02 | Create | Villager (Male) |
| 0:07 | Build | Mill |
| 0:12 | Build | House |
| 0:39 | Build | Lumber Camp |
| 0:50 | Research | Feudal Age |
| 1:40 | Create | Villager (Male) |
| 1:41 | Create | Villager (Male) |
| 1:41 | Create | Villager (Male) |
| 1:43 | Age | Feudal Age |
| 1:52 | Research | Wheelbarrow |
| 1:52 | Research | Tech 1699 |
| 1:52 | Research | Tech 1700 |
| 1:54 | Create | Villager (Male) |
| 1:55 | Create | Villager (Male) |
| 1:55 | Create | Villager (Male) |
| 2:00 | Build | Market |
| 2:43 | Build | Blacksmith |
| 2:57 | Research | Castle Age |
| 3:17 | Research | Double-Bit Axe |
| 3:18 | Research | Tech 1687 |
| 3:18 | Research | Tech 1687 |
| 3:21 | Research | Tech 1688 |
| 4:03 | Age | Castle Age |
| 4:05 | Research | Bow Saw |
| 4:06 | Research | Bow Saw |
| 4:06 | Research | Tech 1691 |
| 4:06 | Research | Tech 1691 |
| 4:07 | Research | Tech 1692 |
| 4:09 | Research | Hand Cart |
| 4:09 | Research | Tech 1715 |
| 4:09 | Research | Tech 1716 |
| 4:10 | Research | Tech 1716 |
| 4:24 | Build | Siege Workshop |
| 4:43 | Build | University |
| 5:04 | Research | Treadmill Crane |
| 5:04 | Research | Tech 1651 |
| 5:04 | Research | Tech 1652 |
| 5:05 | Research | Murder Holes |
| 5:06 | Research | Masonry |
| 5:06 | Research | Masonry |
| 5:06 | Research | Tech 1646 |
| 5:07 | Research | Tech 1647 |
| 5:08 | Research | Ballistics |
| 5:23 | Build | Town Center |
| 5:42 | Create | Mangonel |
| 5:42 | Create | Mangonel |
| 5:49 | Research | Guard Tower (upgrade) |
| 5:51 | Research | Fortified Wall (upgrade) |
| 5:51 | Research | Fortified Wall (upgrade) |
| 5:52 | Research | Heated Shot |
| 5:53 | Research | Tech 1747 |
| 5:53 | Research | Tech 1748 |
| 5:54 | Research | Tech 1748 |
| 5:59 | Research | Imperial Age |
| 6:02 | Create | Villager (Male) ×5 |
| 6:04 | Create | Villager (Male) ×5 |
| 6:06 | Create | Villager (Male) ×5 |
| 6:07 | Create | Villager (Male) ×5 |
| 6:07 | Create | Villager (Male) ×5 |
| 6:07 | Create | Villager (Male) ×5 |
| 6:08 | Create | Villager (Male) ×4 |
| 6:19 | Build | Town Center |
| 6:29 | Build | Lumber Camp |
| 7:05 | Create | Mangonel |
| 7:15 | Age | Imperial Age |
| 7:20 | Research | Onager (upgrade) |
| 7:35 | Create | Villager (Male) ×5 |
| 7:35 | Create | Villager (Male) ×5 |
| 7:35 | Create | Villager (Male) ×5 |
| 7:36 | Create | Villager (Male) ×4 |
| 7:41 | Research | Two-Man Saw |
| 7:41 | Research | Tech 1705 |
| 7:41 | Research | Tech 1706 |
| 7:42 | Research | Tech 1706 |
| 7:47 | Build | Market |
| 8:49 | Build | Mining Camp |
| 9:44 | Research | Siege Engineers |
| 9:45 | Research | Tech 1743 |
| 9:45 | Research | Tech 1743 |
| 9:45 | Research | Tech 1744 |
| 9:47 | Research | Architecture |
| 9:47 | Research | Chemistry |
| 9:47 | Research | Tech 1648 |
| 9:47 | Research | Tech 1640 |
| 9:47 | Research | Tech 1873 |
| 9:48 | Research | Tech 1873 |
| 9:48 | Research | Arrowslits |
| 9:48 | Research | Tech 1812 |
| 9:49 | Research | Tech 1812 |
| 9:49 | Research | Tech 1641 |
| 9:50 | Research | Tech 1813 |
| 11:00 | Build | Town Center |
| 12:48 | Build | Castle |
| 12:57 | Research | Gold Mining |
| 12:57 | Research | Tech 1653 |
| 12:58 | Research | Tech 1654 |
| 12:58 | Research | Tech 1654 |
| 13:03 | Create | Villager (Male) ×5 |
| 13:03 | Create | Villager (Male) ×5 |
| 13:03 | Create | Villager (Male) ×5 |
| 13:03 | Create | Villager (Male) ×5 |
| 13:04 | Create | Villager (Male) ×5 |
| 13:04 | Create | Villager (Male) ×5 |
| 13:04 | Create | Villager (Male) ×5 |
| 13:05 | Create | Villager (Male) ×5 |
| 13:05 | Create | Villager (Male) ×5 |
| 13:05 | Create | Villager (Male) ×5 |
| 13:05 | Create | Villager (Male) ×5 |
| 13:06 | Create | Villager (Male) |
| 14:05 | Research | Spies/Treason |
| 14:08 | Research | Tech 49 |
| 14:09 | Research | Tech 1644 |
| 14:36 | Build | Barracks |
| 15:05 | Build | House |
| 15:06 | Build | House |
| 15:06 | Build | House |
| 15:06 | Build | House |
| 15:07 | Build | House |
| 15:07 | Build | House |
| 15:07 | Build | House |
| 15:09 | Build | Blacksmith |
| 15:09 | Build | Blacksmith |
| 15:10 | Build | Blacksmith |
| 16:00 | Research | Tech 1645 |
| 16:01 | Research | Conscription |
| 16:02 | Research | Tech 1733 |
| 16:02 | Research | Tech 1733 |
| 16:02 | Research | Tech 1734 |
| 16:14 | Build | Archery Range |
| 16:15 | Build | Archery Range |
| 16:33 | Build | Archery Range |
| 16:34 | Build | Archery Range |
| 16:34 | Build | Archery Range |
| 16:34 | Build | Archery Range |
| 16:35 | Build | Archery Range |
| 16:35 | Build | Archery Range |
| 16:35 | Build | Archery Range |
| 16:43 | Research | Crossbowman (upgrade) |
| 16:45 | Research | Tech 1753 |
| 16:46 | Research | Tech 1754 |
| 16:54 | Create | Archer ×5 |
| 16:55 | Create | Archer ×5 |
| 16:55 | Create | Archer ×5 |
| 16:55 | Create | Archer ×5 |
| 16:56 | Create | Archer ×5 |
| 16:56 | Create | Archer ×5 |
| 16:56 | Create | Archer ×5 |
Build order — Pogonophobia69
First 150 of 219 actions detected
| 0:07 | Build | House |
| 0:13 | Build | Mill |
| 0:25 | Create | Villager (Male) ×5 |
| 0:26 | Create | Villager (Male) ×5 |
| 0:41 | Build | Farm |
| 1:29 | Build | Farm |
| 1:48 | Build | Lumber Camp |
| 2:08 | Research | Feudal Age |
| 2:13 | Create | Villager (Male) |
| 2:13 | Create | Villager (Male) |
| 2:14 | Create | Villager (Male) |
| 3:00 | Age | Feudal Age |
| 3:08 | Build | Market |
| 3:16 | Build | Blacksmith |
| 3:52 | Research | Castle Age |
| 4:30 | Research | Town Watch |
| 4:35 | Research | Tech 1612 |
| 4:56 | Age | Castle Age |
| 5:01 | Build | University |
| 5:09 | Build | Monastery |
| 5:24 | Research | Wheelbarrow |
| 5:26 | Research | Hand Cart |
| 5:27 | Research | Tech 1699 |
| 5:28 | Research | Tech 1700 |
| 5:28 | Research | Tech 1700 |
| 5:28 | Research | Tech 1715 |
| 5:29 | Research | Tech 1715 |
| 5:29 | Research | Tech 1716 |
| 5:29 | Research | Tech 1716 |
| 5:34 | Research | Imperial Age |
| 5:43 | Research | Double-Bit Axe |
| 5:43 | Research | Double-Bit Axe |
| 5:43 | Research | Tech 1687 |
| 5:44 | Research | Tech 1687 |
| 5:53 | Research | Ballistics |
| 5:55 | Research | Guard Tower (upgrade) |
| 5:57 | Research | Fortified Wall (upgrade) |
| 5:57 | Research | Tech 1747 |
| 5:59 | Research | Tech 1651 |
| 6:00 | Research | Murder Holes |
| 6:00 | Research | Tech 1748 |
| 6:03 | Research | Masonry |
| 6:04 | Research | Tech 1652 |
| 6:05 | Research | Tech 1646 |
| 6:05 | Research | Tech 1647 |
| 6:19 | Research | Bow Saw |
| 6:50 | Age | Imperial Age |
| 6:55 | Build | Castle |
| 7:24 | Create | Villager (Male) |
| 7:25 | Create | Villager (Male) |
| 7:25 | Create | Villager (Male) |
| 7:25 | Create | Villager (Male) |
| 7:26 | Create | Villager (Male) |
| 7:26 | Create | Villager (Male) |
| 7:26 | Create | Villager (Male) |
| 7:27 | Create | Villager (Male) |
| 7:27 | Create | Villager (Male) |
| 7:27 | Create | Villager (Male) |
| 7:28 | Create | Villager (Male) |
| 7:28 | Create | Villager (Male) |
| 7:28 | Create | Villager (Male) |
| 7:28 | Create | Villager (Male) |
| 7:29 | Create | Villager (Male) |
| 8:20 | Research | Grand Trunk Road |
| 8:34 | Research | Shatagni |
| 8:35 | Research | Tech 1790 |
| 8:35 | Research | Tech 1791 |
| 10:09 | Research | Chemistry |
| 10:10 | Research | Tech 1640 |
| 10:11 | Research | Tech 1641 |
| 10:11 | Research | Tech 1641 |
| 10:12 | Research | Tech 1812 |
| 10:13 | Research | Tech 1813 |
| 10:13 | Research | Tech 1813 |
| 10:23 | Build | Siege Workshop |
| 10:30 | Create | Villager (Male) |
| 10:30 | Create | Villager (Male) |
| 10:31 | Create | Villager (Male) |
| 10:31 | Create | Villager (Male) |
| 10:37 | Research | Onager (upgrade) |
| 10:38 | Create | Mangonel |
| 10:39 | Create | Mangonel |
| 11:02 | Build | Lumber Camp |
| 12:11 | Create | Villager (Male) ×5 |
| 12:11 | Create | Villager (Male) ×5 |
| 12:11 | Create | Villager (Male) ×2 |
| 13:17 | Build | Mining Camp |
| 14:21 | Build | Town Center |
| 14:32 | Build | Town Center |
| 14:56 | Create | Villager (Male) ×5 |
| 14:56 | Create | Villager (Male) ×5 |
| 14:56 | Create | Villager (Male) ×5 |
| 14:56 | Create | Villager (Male) ×5 |
| 15:14 | Build | Barracks |
| 15:31 | Build | Blacksmith |
| 15:32 | Build | Blacksmith |
| 15:40 | Build | Stable |
| 15:42 | Build | Stable |
| 15:47 | Build | Archery Range |
| 15:48 | Build | Archery Range |
| 15:49 | Build | Archery Range |
| 15:58 | Research | Town Patrol |
| 15:58 | Research | Town Patrol |
| 15:59 | Research | Tech 1613 |
| 15:59 | Research | Tech 1613 |
| 16:34 | Research | Forging |
| 16:34 | Research | Forging |
| 16:34 | Research | Tech 1661 |
| 16:35 | Research | Tech 1661 |
| 16:36 | Research | Tech 1662 |
| 16:37 | Research | Tech 1662 |
| 17:04 | Research | Iron Casting |
| 17:04 | Research | Tech 1869 |
| 17:05 | Research | Tech 1869 |
| 17:05 | Research | Tech 1870 |
| 17:05 | Research | Tech 1870 |
| 17:10 | Research | Elite Ghulam (upgrade) |
| 17:15 | Research | Conscription |
| 17:15 | Research | Tech 1733 |
| 17:16 | Research | Tech 1734 |
| 17:19 | Create | Ghulam |
| 18:15 | Create | Hand Cannoneer ×5 |
| 18:15 | Create | Hand Cannoneer ×5 |
| 18:16 | Create | Hand Cannoneer ×5 |
| 18:16 | Create | Hand Cannoneer ×5 |
| 18:16 | Create | Hand Cannoneer ×5 |
| 18:17 | Create | Hand Cannoneer ×5 |
| 18:17 | Create | Hand Cannoneer ×5 |
| 18:17 | Create | Hand Cannoneer ×5 |
| 18:17 | Create | Hand Cannoneer ×5 |
| 18:25 | Research | Thumb Ring |
| 18:26 | Research | Tech 1753 |
| 18:26 | Research | Tech 1753 |
| 18:27 | Research | Tech 1754 |
| 18:27 | Research | Tech 1754 |
| 18:31 | Create | Hand Cannoneer ×3 |
| 18:31 | Create | Hand Cannoneer ×3 |
| 19:04 | Build | Town Center |
| 19:14 | Create | Hand Cannoneer ×5 |
| 19:14 | Create | Hand Cannoneer ×5 |
| 19:15 | Create | Hand Cannoneer ×5 |
| 19:15 | Create | Hand Cannoneer ×5 |
| 19:21 | Research | Blast Furnace |
| 19:21 | Research | Blast Furnace |
| 19:22 | Research | Fletching |
| 19:22 | Research | Fletching |
| 19:23 | Research | Tech 1681 |
| 19:23 | Research | Tech 1681 |
| 19:23 | Research | Tech 1682 |
| 19:24 | Research | Tech 1682 |
Build order — Lowen
First 150 of 365 actions detected
| 0:59 | Build | Mill |
| 1:16 | Build | Farm |
| 1:19 | Build | Farm |
| 1:21 | Build | Farm |
| 1:25 | Build | Farm |
| 1:30 | Build | Farm |
| 1:32 | Build | Farm |
| 1:34 | Build | Farm |
| 1:36 | Build | Farm |
| 1:44 | Build | Lumber Camp |
| 1:54 | Build | Lumber Camp |
| 5:01 | Build | Lumber Camp |
| 5:45 | Build | Lumber Camp |
| 5:52 | Build | Farm |
| 5:58 | Build | Farm |
| 6:51 | Build | Mill |
| 7:20 | Research | Feudal Age |
| 8:12 | Age | Feudal Age |
| 8:16 | Build | Market |
| 8:20 | Build | Blacksmith |
| 8:37 | Build | Mill |
| 9:02 | Research | Castle Age |
| 9:10 | Build | Mining Camp |
| 9:28 | Research | Double-Bit Axe |
| 9:28 | Research | Double-Bit Axe |
| 9:28 | Research | Tech 1687 |
| 9:29 | Research | Tech 1687 |
| 9:29 | Research | Tech 1688 |
| 9:29 | Research | Tech 1688 |
| 9:44 | Research | Gold Mining |
| 9:44 | Research | Stone Mining |
| 9:44 | Research | Gold Mining |
| 9:44 | Research | Tech 1723 |
| 9:45 | Research | Tech 1653 |
| 9:45 | Research | Tech 1723 |
| 9:45 | Research | Tech 1653 |
| 9:45 | Research | Tech 1724 |
| 9:45 | Research | Tech 1654 |
| 10:06 | Age | Castle Age |
| 10:19 | Research | Coinage |
| 10:32 | Build | Siege Workshop |
| 10:37 | Build | Monastery |
| 10:40 | Research | Bow Saw |
| 10:40 | Research | Bow Saw |
| 10:41 | Research | Tech 1691 |
| 10:41 | Research | Tech 1691 |
| 10:41 | Research | Tech 1691 |
| 10:41 | Research | Tech 1692 |
| 10:42 | Research | Tech 1692 |
| 10:50 | Research | Imperial Age |
| 10:57 | Build | Town Center |
| 11:05 | Build | Town Center |
| 11:13 | Build | Town Center |
| 11:52 | Research | Wheelbarrow |
| 11:52 | Research | Town Watch |
| 11:52 | Research | Loom |
| 11:53 | Research | Town Watch |
| 11:53 | Research | Tech 1628 |
| 11:53 | Research | Tech 1699 |
| 11:53 | Research | Tech 1612 |
| 11:53 | Research | Tech 1700 |
| 11:53 | Research | Tech 1629 |
| 11:53 | Research | Tech 1612 |
| 11:54 | Research | Tech 1700 |
| 11:54 | Research | Tech 1629 |
| 11:54 | Research | Tech 1613 |
| 11:55 | Create | Villager (Male) ×5 |
| 11:56 | Create | Villager (Male) ×5 |
| 11:56 | Create | Villager (Male) ×5 |
| 11:56 | Create | Villager (Male) ×5 |
| 11:57 | Create | Villager (Male) ×5 |
| 12:03 | Build | Farm |
| 12:06 | Age | Imperial Age |
| 12:08 | Research | Guilds |
| 12:09 | Research | Banking |
| 12:14 | Research | Gold Shaft Mining |
| 12:14 | Research | Tech 1727 |
| 12:14 | Research | Tech 1677 |
| 12:15 | Research | Tech 1728 |
| 12:15 | Research | Tech 1678 |
| 12:15 | Research | Tech 1728 |
| 12:15 | Research | Tech 1678 |
| 13:25 | Build | Castle |
| 13:46 | Research | Onager (upgrade) |
| 13:46 | Create | Mangonel |
| 13:46 | Create | Mangonel |
| 13:47 | Create | Mangonel |
| 13:58 | Build | Barracks |
| 14:04 | Build | House |
| 14:05 | Build | Blacksmith |
| 14:07 | Build | Lumber Camp |
| 14:12 | Build | Stable |
| 14:21 | Research | Spies/Treason |
| 14:23 | Research | Conscription |
| 14:23 | Research | Tech 1733 |
| 14:24 | Research | Tech 1733 |
| 14:24 | Research | Tech 1734 |
| 14:56 | Research | Howdah |
| 14:57 | Research | Manipur Cavalry |
| 14:57 | Research | Howdah |
| 14:57 | Research | Manipur Cavalry |
| 14:57 | Research | Tech 1818 |
| 14:57 | Research | Tech 1820 |
| 14:58 | Research | Tech 1818 |
| 14:58 | Research | Tech 1821 |
| 14:58 | Research | Tech 1819 |
| 15:25 | Build | Watch Tower |
| 15:26 | Build | Watch Tower |
| 15:26 | Build | Watch Tower |
| 15:26 | Build | Watch Tower |
| 15:57 | Research | Two-Man Saw |
| 15:58 | Research | Tech 1705 |
| 15:58 | Research | Tech 1705 |
| 15:58 | Research | Tech 1706 |
| 15:58 | Research | Tech 1706 |
| 16:03 | Create | Villager (Male) ×5 |
| 16:04 | Create | Villager (Male) ×5 |
| 16:04 | Create | Villager (Male) ×5 |
| 16:04 | Research | Hand Cart |
| 16:05 | Research | Hand Cart |
| 16:05 | Research | Tech 1715 |
| 16:05 | Research | Tech 1715 |
| 16:06 | Research | Tech 1716 |
| 16:06 | Research | Tech 1716 |
| 16:08 | Research | Town Patrol |
| 16:08 | Research | Town Patrol |
| 16:26 | Build | Stable |
| 16:27 | Build | Stable |
| 16:33 | Research | Elite Battle Elephant (upgrade) |
| 16:33 | Research | Bloodlines |
| 16:33 | Research | Husbandry |
| 16:33 | Research | Bloodlines |
| 16:34 | Research | Tech 1634 |
| 16:34 | Research | Tech 1749 |
| 16:34 | Research | Tech 1635 |
| 16:34 | Research | Tech 1750 |
| 16:35 | Research | Tech 1635 |
| 16:35 | Research | Tech 1750 |
| 16:42 | Research | Forging |
| 16:43 | Research | Scale Barding Armor |
| 16:43 | Research | Forging |
| 16:43 | Research | Scale Barding Armor |
| 16:43 | Research | Tech 1661 |
| 16:43 | Research | Tech 1871 |
| 16:44 | Research | Tech 1661 |
| 16:44 | Research | Tech 1871 |
| 16:44 | Research | Tech 1662 |
| 16:44 | Research | Tech 1872 |
| 16:44 | Research | Fletching |
| 16:45 | Research | Tech 1681 |
Build order — TR.elephantman
First 150 of 330 actions detected
| 1:54 | Build | Lumber Camp |
| 1:58 | Build | Mill |
| 2:19 | Build | Farm |
| 2:21 | Build | Farm |
| 2:22 | Build | Farm |
| 2:24 | Build | Farm |
| 6:01 | Build | Mill |
| 7:18 | Build | Lumber Camp |
| 7:22 | Build | Mining Camp |
| 8:35 | Research | Feudal Age |
| 8:36 | Research | Feudal Age |
| 9:27 | Age | Feudal Age |
| 9:34 | Build | Market |
| 9:40 | Build | Blacksmith |
| 9:40 | Build | Farm |
| 10:06 | Research | Castle Age |
| 10:41 | Research | Stone Mining |
| 10:41 | Research | Stone Mining |
| 10:41 | Research | Stone Mining |
| 10:42 | Research | Stone Mining |
| 10:42 | Research | Stone Mining |
| 10:42 | Research | Stone Mining |
| 10:42 | Research | Stone Mining |
| 10:42 | Research | Stone Mining |
| 10:42 | Research | Stone Mining |
| 10:42 | Research | Tech 1723 |
| 10:42 | Research | Tech 1723 |
| 10:42 | Research | Tech 1723 |
| 10:42 | Research | Tech 1723 |
| 10:42 | Research | Tech 1723 |
| 10:42 | Research | Tech 1723 |
| 10:42 | Research | Tech 1723 |
| 10:42 | Research | Tech 1723 |
| 10:42 | Research | Tech 1723 |
| 10:42 | Research | Tech 1723 |
| 10:42 | Research | Tech 1724 |
| 10:42 | Research | Tech 1724 |
| 10:42 | Research | Tech 1724 |
| 10:42 | Research | Tech 1724 |
| 10:42 | Research | Tech 1724 |
| 10:42 | Research | Tech 1724 |
| 10:43 | Research | Tech 1724 |
| 10:43 | Research | Tech 1724 |
| 10:43 | Research | Tech 1724 |
| 10:43 | Research | Tech 1724 |
| 10:43 | Research | Tech 1724 |
| 10:43 | Research | Tech 1724 |
| 10:49 | Research | Double-Bit Axe |
| 10:49 | Research | Double-Bit Axe |
| 10:49 | Research | Double-Bit Axe |
| 10:49 | Research | Double-Bit Axe |
| 10:49 | Research | Double-Bit Axe |
| 10:49 | Research | Double-Bit Axe |
| 10:49 | Research | Double-Bit Axe |
| 10:49 | Research | Tech 1687 |
| 10:49 | Research | Tech 1687 |
| 10:49 | Research | Tech 1687 |
| 10:49 | Research | Tech 1687 |
| 10:49 | Research | Tech 1687 |
| 10:49 | Research | Tech 1687 |
| 10:49 | Research | Tech 1687 |
| 10:49 | Research | Tech 1687 |
| 10:49 | Research | Tech 1687 |
| 10:50 | Research | Tech 1687 |
| 10:50 | Research | Tech 1687 |
| 10:50 | Research | Tech 1687 |
| 10:50 | Research | Tech 1687 |
| 10:50 | Research | Tech 1688 |
| 10:50 | Research | Tech 1688 |
| 10:50 | Research | Tech 1688 |
| 10:50 | Research | Tech 1688 |
| 10:50 | Research | Tech 1688 |
| 10:50 | Research | Tech 1688 |
| 10:50 | Research | Tech 1688 |
| 10:50 | Research | Tech 1688 |
| 10:50 | Research | Tech 1688 |
| 10:50 | Research | Tech 1688 |
| 10:50 | Research | Tech 1688 |
| 10:50 | Research | Tech 1688 |
| 10:50 | Research | Tech 1688 |
| 10:50 | Research | Tech 1688 |
| 10:50 | Research | Tech 1688 |
| 11:10 | Age | Castle Age |
| 11:36 | Build | University |
| 11:39 | Build | Monastery |
| 11:44 | Build | Town Center |
| 11:50 | Research | Tech 1727 |
| 11:50 | Research | Tech 1727 |
| 11:50 | Research | Tech 1727 |
| 11:50 | Research | Tech 1727 |
| 11:50 | Research | Tech 1727 |
| 11:50 | Research | Tech 1727 |
| 11:50 | Research | Tech 1727 |
| 11:50 | Research | Tech 1727 |
| 11:50 | Research | Tech 1727 |
| 11:50 | Research | Tech 1727 |
| 11:50 | Research | Tech 1727 |
| 11:51 | Research | Tech 1728 |
| 11:51 | Research | Tech 1728 |
| 11:51 | Research | Tech 1728 |
| 11:51 | Research | Tech 1728 |
| 11:51 | Research | Tech 1728 |
| 11:51 | Research | Tech 1728 |
| 11:51 | Research | Tech 1728 |
| 11:51 | Research | Tech 1728 |
| 11:51 | Research | Tech 1728 |
| 11:51 | Research | Tech 1728 |
| 11:51 | Research | Tech 1728 |
| 11:51 | Research | Tech 1728 |
| 11:51 | Research | Tech 1728 |
| 11:51 | Research | Tech 1728 |
| 11:54 | Research | Tech 1625 |
| 11:54 | Research | Tech 1625 |
| 11:54 | Research | Tech 1625 |
| 11:54 | Research | Tech 1625 |
| 11:54 | Research | Tech 1625 |
| 11:54 | Research | Tech 1624 |
| 11:54 | Research | Tech 1624 |
| 11:54 | Research | Tech 1624 |
| 11:54 | Research | Tech 1624 |
| 11:54 | Research | Tech 1624 |
| 11:54 | Research | Tech 1624 |
| 11:54 | Research | Horse Collar |
| 11:54 | Research | Horse Collar |
| 11:54 | Research | Horse Collar |
| 11:54 | Research | Horse Collar |
| 11:54 | Research | Horse Collar |
| 11:54 | Research | Horse Collar |
| 11:54 | Research | Horse Collar |
| 11:54 | Research | Horse Collar |
| 11:54 | Research | Horse Collar |
| 11:55 | Research | Horse Collar |
| 11:55 | Research | Horse Collar |
| 11:55 | Research | Horse Collar |
| 11:55 | Research | Horse Collar |
| 12:42 | Research | Imperial Age |
| 12:42 | Research | Imperial Age |
| 12:42 | Research | Imperial Age |
| 12:42 | Research | Imperial Age |
| 12:42 | Research | Imperial Age |
| 12:42 | Research | Imperial Age |
| 12:42 | Research | Imperial Age |
| 12:42 | Research | Imperial Age |
| 12:42 | Research | Imperial Age |
| 12:42 | Research | Imperial Age |
| 12:49 | Research | Tech 1623 |
| 12:50 | Research | Tech 1622 |
| 12:50 | Research | Tech 1622 |
| 12:50 | Research | Heavy Plow |
| 12:52 | Research | Gold Mining |
Match timeline
| 1:21 | Fajny Człowiek · age_up feudal |
| 1:43 | dRea · age_up feudal |
| 3:00 | Pogonophobia69 · age_up feudal |
| 4:03 | dRea · age_up castle |
| 4:24 | dRea · first_building Siege Workshop |
| 4:25 | bijiyumo · first_building Siege Workshop |
| 4:32 | Fajny Człowiek · age_up castle |
| 4:37 | bijiyumo · first_building Monastery |
| 4:37 | Fajny Człowiek · first_building Monastery |
| 4:56 | Pogonophobia69 · age_up castle |
| 5:09 | Pogonophobia69 · first_building Monastery |
| 5:10 | Fajny Człowiek · first_building Siege Workshop |
| 5:18 | Fajny Człowiek · first_market_buy 500 stone |
| 6:24 | Fajny Człowiek · first_building Castle |
| 6:34 | Pogonophobia69 · first_market_buy 100 stone |
| 6:38 | Fajny Człowiek · age_up imperial |
| 6:50 | Pogonophobia69 · age_up imperial |
| 6:55 | Pogonophobia69 · first_building Castle |
| 7:15 | dRea · age_up imperial |
| 7:59 | Fajny Człowiek · first_market_sell 500 stone |
| 8:07 | kekekeya · age_up feudal |
| 8:12 | Lowen · age_up feudal |
| 8:29 | Fajny Człowiek · first_building Barracks |
| 8:37 | XsupercopX · age_up feudal |
| 8:43 | kekekeya · first_market_sell 500 wood |
| 8:44 | bijiyumo · first_market_buy 500 stone |
| 8:47 | bijiyumo · first_market_sell 500 stone |
| 8:51 | Lowen · first_market_sell 500 stone |
| 8:52 | Lowen · first_market_buy 500 stone |
| 9:05 | kekekeya · first_market_buy 500 food |
| 9:27 | TR.elephantman · age_up feudal |
| 9:35 | Pogonophobia69 · first_market_sell 500 wood |
| 9:36 | Fajny Człowiek · first_building Archery Range |
| 9:51 | kekekeya · age_up castle |
| 9:54 | bijiyumo · first_building Castle |
| 9:58 | TR.elephantman · first_market_sell 100 stone |
| 9:59 | bijiyumo · first_building Barracks |
| 10:00 | kekekeya · first_building Siege Workshop |
| 10:05 | dRea · first_market_buy 500 stone |
| 10:06 | dRea · first_market_sell 500 stone |
| 10:06 | kekekeya · first_building Monastery |
| 10:06 | Lowen · age_up castle |
| 10:23 | Pogonophobia69 · first_building Siege Workshop |
| 10:32 | Lowen · first_building Siege Workshop |
| 10:37 | Lowen · first_building Monastery |
| 10:43 | XsupercopX · first_market_sell 100 wood |
| 11:10 | TR.elephantman · age_up castle |
| 11:17 | kekekeya · first_building Barracks |
| 11:39 | TR.elephantman · first_building Monastery |
| 11:40 | kekekeya · age_up imperial |
| 11:53 | XsupercopX · age_up castle |
| 12:06 | Lowen · age_up imperial |
| 12:16 | bijiyumo · first_building Archery Range |
| 12:48 | dRea · first_building Castle |
| 12:57 | Lowen · tribute_sent a jugador 1 |
| 12:57 | Lowen · tribute_sent a jugador 2 |
| 12:57 | Lowen · tribute_sent a jugador 3 |
| 12:57 | Lowen · tribute_sent a jugador 4 |
| 12:57 | Lowen · tribute_sent a jugador 5 |
| 12:57 | Lowen · tribute_sent a jugador 7 |
| 12:57 | Lowen · tribute_sent a jugador 8 |
| 13:07 | Lowen · tribute_sent a jugador 1 |
| 13:07 | Lowen · tribute_sent a jugador 2 |
| 13:07 | Lowen · tribute_sent a jugador 3 |
| 13:07 | Lowen · tribute_sent a jugador 4 |
| 13:07 | Lowen · tribute_sent a jugador 5 |
| 13:07 | Lowen · tribute_sent a jugador 7 |
| 13:07 | Lowen · tribute_sent a jugador 8 |
| 13:11 | TR.elephantman · first_building Siege Workshop |
| 13:16 | XsupercopX · first_market_buy 100 stone |
| 13:25 | Lowen · first_building Castle |
| 13:28 | XsupercopX · first_building Castle |
| 13:54 | bijiyumo · tribute_sent a jugador 2 |
| 13:54 | bijiyumo · tribute_sent a jugador 3 |
| 13:54 | bijiyumo · tribute_sent a jugador 4 |
| 13:54 | bijiyumo · tribute_sent a jugador 5 |
| 13:54 | bijiyumo · tribute_sent a jugador 6 |
| 13:54 | bijiyumo · tribute_sent a jugador 7 |
| 13:54 | bijiyumo · tribute_sent a jugador 8 |
| 13:58 | TR.elephantman · age_up imperial |
| 13:58 | Lowen · first_building Barracks |
| 14:12 | Lowen · first_building Stable |
| 14:36 | dRea · first_building Barracks |
| 15:14 | Pogonophobia69 · first_building Barracks |
| 15:14 | TR.elephantman · first_building Castle |
| 15:40 | Pogonophobia69 · first_building Stable |
| 15:47 | Pogonophobia69 · first_building Archery Range |
| 16:06 | bijiyumo · resign |
| 16:08 | XsupercopX · age_up imperial |
| 16:14 | dRea · first_building Archery Range |
| 17:01 | XsupercopX · first_building Siege Workshop |
| 24:09 | Lowen · wall_segment Stone Wall x37 |
| 24:34 | Lowen · wall_segment Stone Wall x26 |
[ AI ANALYSIS · 1 CREDIT ]
What really happened in this match?
Wolo.gg analyzes every decision: build order, eco, micro, common mistakes by bracket. Personalized analysis on WhatsApp or Discord in 30 seconds.
Civ guide
Ethiopians
Map guide
BAMBOO NOTHING_Paren_v4 (Custom)
Perfil
Fajny Człowiek